Map: Invader LE

Players

blackxored - Winner!

  • Race: Zerg Zerg
  • League: Platinum

GoodObaD

  • Race: Zerg Zerg

VOD

Have the link to the VOD?

Description

Time

  • Played on: June 29, 2016, 3 p.m.
  • Length: 17:31
Show
View Real Time Build Order
Export as new Build Order

blackxored Zerg - Winner!

Build Orders: Hatch First 

Get SALT Encoding   

  12  0:01  Drone  
  13  0:09  Drone  
  14  0:18  Overlord  
  14  0:24  Extractor  
  14  0:25  Drone  
  15  0:38  Drone x2  
  17  0:52  Hatchery  
  17  0:56  Drone  
  17  0:59  Drone  
  18  1:12  Extractor  
  18  1:16  Spawning Pool  
  18  1:18  Drone  
  17  1:21  Drone  
  18  1:29  Drone  
  19  1:39  Overlord  
  19  1:53  Drone  
  20  2:02  Queen  
  20  2:03  Zergling x2  
  20  2:04  Queen  
  20  2:05  Zergling x2  
  26  2:12  Zergling x2  
  26  2:14  Spine Crawler  
  26  2:15  Metabolic Boost  
  26  2:23  Drone x2  
  28  2:30  Zergling x2  
  29  2:42  Baneling Nest  
  28  2:44  Drone x3  
  31  2:59  Drone x3  
  34  3:06  Drone  
  34  3:09  Overlord  
  34  3:18  Drone  
  35  3:31  Hatchery  
  35  3:32  Baneling x2  
  35  3:33  Zergling x2, Baneling  
  35  3:34  Zergling x8  
  39  3:38  Zergling x2  
  39  3:41  Zergling x2  
  41  3:45  Zergling x6  
  44  3:50  Extractor  
  44  3:53  Overlord x3  
  43  4:17  Baneling x2  
  43  4:18  Baneling x2  
  43  4:26  Lair  
  43  4:29  Drone x2  
  43  4:30  Drone x4  
  46  4:58  Zergling x12  
  50  5:14  Hatchery  
  50  5:17  Drone  
  50  5:18  Drone x5  
  50  5:20  Baneling x5  
  55  5:29  Extractor  
  55  5:30  Extractor, Drone x2  
  55  5:34  Baneling x3  
  55  5:55  Drone x4  
  55  5:56  Drone x3  
  62  6:02  Overseer  
  62  6:20  Overlord x2  
  62  6:21  Overlord x2, Extractor  
  61  6:34  Drone  
  61  6:35  Spire  
  61  6:37  Extractor  
  60  6:41  Drone  
  60  6:42  Drone x2  
  60  6:44  Queen  
  62  7:03  Zergling x2  
  62  7:04  Zergling x24  
  62  7:05  Zergling x4  
  71  7:40  Baneling x3  
  71  7:41  Overlord x4  
  71  7:43  Drone x6  
  71  7:44  Drone x2  
  79  7:51  Zerg Flyer Armor Level 1, Mutalisk  
  79  7:52  Mutalisk x4  
  88  8:08  Baneling x4  
  86  8:15  Mutalisk x2  
  85  8:28  Zergling x32  
  101  8:35  Queen  
  101  8:38  Drone  
  98  8:41  Drone x2  
  98  8:56  Mutalisk  
  98  8:57  Mutalisk x3  
  106  9:05  Queen  
  106  9:06  Drone x4  
  112  9:11  Queen  
  112  9:13  Hatchery  
  113  9:17  Drone x2  
  113  9:18  Drone  
  113  9:19  Extractor  
  113  9:22  Overlord x3  
  115  9:34  Mutalisk x3  
  121  9:46  Zerg Flyer Weapons Level 1, Mutalisk x2  
  125  9:53  Mutalisk  
  123  10:05  Zergling x10  
  106  10:21  Mutalisk x2  
  106  10:22  Mutalisk  
  106  10:26  Hatchery  
  108  10:29  Hatchery  
  107  10:41  Spire  
  106  10:44  Evolution Chamber  
  106  10:47  Evolution Chamber  
  106  10:48  Infestation Pit  
  104  10:55  Zergling x16  
  112  10:57  Baneling x3  
  101  11:28  Overlord  
  101  11:29  Overlord  
  101  11:30  Overlord  
  101  11:36  Extractor, Drone x2  
  101  11:37  Drone  
  103  11:41  Hive  
  103  11:42  Zerg Melee Weapons Level 1, Zerg Ground Armor Level 1  
  103  11:46  Drone x3  
  103  11:47  Drone x2  
  108  12:03  Zergling x8  
  108  12:04  Zergling x6  
  86  12:31  Drone  
  86  12:32  Extractor  
  86  12:33  Extractor  
  81  12:45  Overseer  
  66  12:51  Zergling x10  
  66  12:52  Zergling x20  
  81  13:08  Ultralisk Cavern  
  81  13:09  Zergling x10  
  81  13:10  Zergling x2  
  83  13:17  Zergling x2  
  83  13:18  Zergling x4  
  77  13:27  Spawning Pool, Spine Crawler  
  77  13:30  Drone x3, Spine Crawler x4  
  77  13:34  Queen x2  
  76  14:07  Chitinous Plating  
  76  14:24  Lair  
  76  14:26  Ultralisk x2  
  88  14:34  Zergling x6  
  88  14:35  Zergling x2  
  92  14:44  Overlord  
  92  14:45  Overlord  
  92  14:56  Ultralisk  
  94  15:50  Drone x3  
  94  15:51  Drone x3  
  100  16:15  Hatchery  
  99  16:26  Hatchery  
  98  16:35  Hatchery  
  94  17:04  Drone x7  
  94  17:05  Drone  
Show
View Real Time Build Order
Export as new Build Order

GoodObaD Zerg 

Build Orders: Pool First 

Get SALT Encoding   

  12  0:01  Drone  
  13  0:09  Drone  
  14  0:18  Overlord  
  14  0:24  Extractor, Drone  
  15  0:43  Spawning Pool  
  15  0:44  Drone  
  15  0:52  Drone  
  16  1:10  Hatchery  
  15  1:11  Drone  
  15  1:18  Drone  
  17  1:22  Drone  
  18  1:26  Extractor  
  18  1:31  Drone  
  18  1:34  Queen  
  20  1:43  Drone  
  21  1:49  Drone  
  22  2:00  Overlord  
  22  2:22  Drone  
  23  2:23  Queen, Drone  
  23  2:24  Zergling x2  
  27  2:30  Drone  
  27  2:34  Zergling x2  
  29  2:42  Drone  
  30  2:45  Overlord  
  30  2:47  Zergling x2  
  30  2:48  Metabolic Boost, Drone  
  30  2:50  Drone  
  33  2:51  Queen  
  35  3:00  Drone  
  36  3:06  Drone, Evolution Chamber  
  36  3:09  Zergling x2  
  36  3:10  Drone  
  38  3:16  Zergling x2  
  38  3:18  Zergling x2  
  38  3:19  Drone  
  41  3:22  Overlord  
  41  3:29  Zergling x2  
  41  3:31  Drone  
  43  3:36  Lair  
  43  3:37  Zergling x2  
  44  3:41  Drone  
  44  3:42  Zergling x2  
  44  3:43  Extractor  
  44  3:44  Zergling x2  
  44  3:45  Zergling x2  
  44  3:47  Zergling x2  
  48  3:51  Zergling x4  
  48  3:53  Overlord  
  50  3:59  Drone  
  50  4:03  Spine Crawler  
  50  4:04  Overlord  
  50  4:06  Zergling x2  
  50  4:09  Drone  
  50  4:20  Zergling x2  
  50  4:21  Zergling x2  
  50  4:22  Overlord, Zergling x2  
  53  4:28  Zergling x2, Zerg Ground Armor Level 1  
  53  4:29  Zergling x2  
  53  4:30  Zergling x2  
  56  4:33  Drone  
  56  4:35  Zergling x2  
  56  4:40  Zergling x2  
  56  4:42  Zergling x2  
  56  4:44  Spine Crawler  
  55  4:48  Zergling x2  
  50  4:53  Zergling x2  
  50  4:54  Zergling x2  
  50  4:56  Zergling x2  
  50  4:57  Zergling x2  
  50  4:59  Zergling x2  
  55  5:01  Zergling x2  
  55  5:03  Zergling x2  
  55  5:05  Zergling x4  
  48  5:15  Evolution Chamber  
  48  5:20  Drone  
  48  5:22  Overlord, Drone  
  48  5:27  Zergling x2  
  50  5:30  Drone  
  50  5:32  Zergling x2  
  50  5:35  Zergling x2  
  53  5:38  Drone  
  53  5:40  Hatchery  
  49  5:53  Zergling x2  
  49  5:55  Zergling x2  
  49  5:59  Drone  
  49  6:00  Drone  
  49  6:02  Spine Crawler  
  49  6:03  Drone  
  51  6:04  Infestation Pit  
  51  6:06  Zergling x2, Zerg Melee Weapons Level 1  
  51  6:07  Drone  
  51  6:09  Queen  
  54  6:12  Drone  
  55  6:19  Drone  
  55  6:20  Drone  
  55  6:21  Overlord  
  55  6:23  Drone  
  58  6:27  Drone  
  58  6:31  Drone  
  60  6:33  Drone  
  60  6:34  Spore Crawler  
  60  6:35  Drone  
  61  6:40  Zerg Ground Armor Level 2  
  61  6:43  Drone  
  61  6:46  Extractor  
  61  6:49  Zergling x2, Spore Crawler  
  61  6:51  Zergling x2  
  61  6:53  Zergling x2  
  61  6:54  Zergling x2  
  64  6:55  Zergling x2  
  64  6:58  Zergling x2  
  64  6:59  Zergling x2  
  67  7:02  Drone  
  67  7:03  Zergling x2  
  67  7:04  Zergling x2  
  67  7:06  Zergling x2  
  71  7:11  Zergling x2  
  72  7:20  Hive, Spore Crawler  
  71  7:25  Zergling x2  
  71  7:26  Zergling x2  
  71  7:27  Zergling x2  
  71  7:29  Overlord, Drone  
  75  7:33  Overseer  
  75  7:34  Drone  
  76  7:38  Drone  
  76  7:40  Drone  
  76  7:41  Zergling x2, Spore Crawler  
  78  7:48  Zergling x2  
  79  7:53  Drone  
  79  7:58  Zergling x2, Hatchery  
  81  8:01  Drone  
  81  8:03  Zerg Melee Weapons Level 2  
  81  8:04  Zergling x2  
  82  8:07  Zergling x4  
  82  8:11  Zergling x2  
  86  8:12  Zergling x2  
  86  8:14  Zergling x2  
  86  8:15  Zergling x2  
  86  8:16  Zergling x2  
  89  8:22  Zergling x4  
  89  8:23  Zergling x2  
  76  8:34  Zergling x4  
  76  8:37  Zergling x2  
  76  8:38  Drone  
  76  8:41  Swarm Host  
  77  8:44  Queen, Spore Crawler  
  77  8:48  Zergling x2  
  75  8:49  Zergling x2  
  75  8:54  Zergling x2  
  75  8:57  Zergling x2  
  75  9:00  Drone  
  75  9:02  Infestor  
  79  9:10  Drone  
  79  9:11  Ultralisk Cavern  
  79  9:14  Drone  
  80  9:17  Drone  
  81  9:24  Zergling x2  
  82  9:40  Overlord x3  
  82  9:46  Overlord  
  82  9:49  Zerg Ground Armor Level 3  
  82  9:50  Overlord  
  77  9:53  Overlord  
  75  10:01  Zergling x2  
  75  10:02  Zergling x2  
  75  10:04  Zergling x2  
  75  10:05  Zergling x4  
  75  10:07  Zergling x2  
  75  10:09  Zergling x4  
  75  10:10  Zergling x4  
  75  10:13  Zergling x4  
  79  10:15  Zergling x2  
  79  10:16  Zergling x2  
  71  10:27  Infestor x2  
  72  10:37  Zergling x2  
  72  10:39  Zergling x2  
  72  10:41  Zergling x2  
  75  10:45  Overlord, Zergling x4  
  75  10:46  Zergling x4  
  79  10:50  Zergling x2  
  79  10:55  Zergling x2  
  81  10:57  Zergling x2  
  81  11:04  Drone, Spore Crawler  
  82  11:06  Zergling x2  
  82  11:07  Zergling x2  
  82  11:09  Zergling x2  
  86  11:11  Zergling x2  
  86  11:14  Zergling x2  
  86  11:16  Spore Crawler  
  86  11:17  Zergling x2  
  83  11:19  Zergling x2  
  83  11:23  Zergling x2  
  75  11:26  Zergling x2  
  75  11:31  Ultralisk  
  82  11:45  Zergling x2  
  83  11:48  Zergling x2  
  83  11:49  Zergling x2  
  83  11:52  Zergling x2  
  84  11:57  Zergling x2  
  84  11:58  Zergling x2  
  84  11:59  Zergling x2  
  84  12:00  Zergling x2  
  87  12:02  Zergling x2  
  84  12:09  Zergling x2  
  84  12:11  Zergling x2  
  84  12:12  Ultralisk  
  84  12:13  Zergling x2  
  84  12:14  Zergling x2  
  94  12:17  Zergling x2  
  94  12:19  Zergling x2  
  94  12:21  Zergling x2  
  96  12:25  Zergling x2  
  96  12:27  Zergling x2  
  96  12:31  Zergling x2  
  96  12:32  Zergling x2  
  96  12:36  Zergling x2  
  98  12:40  Zergling x2  
  98  12:43  Zergling x2  
  101  12:44  Zergling x2  
  101  12:46  Zergling x2  
  101  12:49  Zergling x2  
  95  12:56  Zergling x2  
  95  12:57  Spore Crawler  
  88  13:01  Zergling x2  
  88  13:03  Zergling x2  
  81  13:06  Zergling x2  
  81  13:09  Zergling x2  
  81  13:11  Zergling x2  
  81  13:15  Zergling x2  
  81  13:19  Zergling x2  
  75  13:20  Zergling x2  
  75  13:23  Zergling x2  
  75  13:26  Zergling x2  
  72  13:29  Zergling x2  
  72  13:32  Zergling x2  
  74  13:36  Zergling x2  
  74  13:38  Zergling x2  
  75  13:45  Zergling x2  
  69  13:49  Zergling x2  
  69  13:54  Zergling x2  
  65  13:56  Zergling x2  
  65  13:59  Zergling x2  
  65  14:01  Zergling x2  
  65  14:02  Zergling x2  
  69  14:09  Zergling x2  
  69  14:10  Zergling x2  
  66  14:23  Zergling x2  
  61  14:27  Zergling x2  
  59  14:55  Zergling x2  
  59  14:58  Zergling x2  
  59  14:59  Zergling x2  
  62  15:01  Zergling x2  
  62  15:02  Zergling x2  
  62  15:04  Zergling x2  
  65  15:10  Hatchery  
  65  15:12  Zergling x2  
  65  15:20  Zergling x2  
  66  15:23  Zergling x2  
  60  15:29  Zergling x2  
  59  15:37  Zergling x2  
  57  15:44  Zergling x2  
  49  16:44  Zergling x2  
  50  16:55  Drone  
  51  17:02  Overlord  
  51  17:03  Zergling x2  
Tags
 
Add a new tag
Caveats
  • Supply blocks, unpowered buildings, or Contaminate may cause inaccurate times.
  • Supply counts are checked every 10 seconds.